 Dungeon Crawl Stone Soup version 0.29.1-1-gd02db6906a (webtiles) character file.

Game seed: 9426051333729396728

11543 KamiKatze the Thaumaturge (level 11, -4/65 HPs)
             Began as an Octopode Conjurer on Sept 24, 2022.
             Was a Priest of Vehumet.
             Slain by a vampire mosquito (6 damage)
             ... while petrified by a basilisk
             ... on level 10 of the Dungeon on Sept 25, 2022.
             The game lasted 00:54:32 (11993 turns).

KamiKatze the Thaumaturge (Octopode Conjurer)      Turns: 11993, Time: 00:54:32

Health: -4/65      AC:  1    Str:  7    XL:     11   Next: 79%
Magic:  25/33      EV:  2    Int: 25    God:    Vehumet [***...]
Gold:   902        SH:  0    Dex: 10    Spells: 13/29 levels left

rFire   . . .      SeeInvis +   v - +1 demon whip (venom)
rCold   . . .      Faith    .   d - +3 warlock's mirror {reflect}
rNeg    + + +      Spirit   .   (helmet restricted)
rPois   ∞          Reflect  +   o - amulet of magic regeneration
rElec   .          Harm     .   l - +4 ring of evasion
rCorr   .          Rampage  .   b - ring of poison resistance
Will    .....                   y - ring of see invisible
Stlth   ++++......              A - ring of magical power
HPRegen 0.20/turn               (no ring)
MPRegen 0.63/turn               (no ring)
                                (no ring)
                                (no ring)

@: petrified
A: almost no armour, amphibious, 8 rings, camouflage 1, gelatinous body 1,
(nimble swimmer 1), tentacles
a: Renounce Religion


You were on level 10 of the Dungeon.
You worshipped Vehumet.
Vehumet was most pleased with you.
You visited 2 branches of the dungeon, and saw 12 of its levels.
You also visited: Sewer.

You collected 902 gold pieces.

Inventory:

Hand Weapons
 g - a +1 spear
 s - a +1 dagger of venom
 v - a +1 demon whip of venom (weapon)
Missiles
 u - 3 poisoned darts (quivered)
 B - 5 throwing nets
 F - a curare-tipped dart
Armour
 d - the +3 warlock's mirror (worn) {reflect}
   (You acquired it on level 4 of the Dungeon)

   It can block and reflect piercing ranged attacks and magical attacks against
   the wielder's willpower.
Jewellery
 b - a ring of poison resistance (right tentacle)
 l - a +4 ring of evasion (left tentacle)
 o - an amulet of magic regeneration (around mantle)
 y - a ring of see invisible (on tentacle)
 A - a ring of magical power (on tentacle)
Wands
 w - a wand of iceblast (11)
 D - a wand of paralysis (8)
Scrolls
 i - 5 scrolls of enchant weapon
 k - 3 scrolls of teleportation
 n - 3 scrolls of enchant armour
 q - a scroll of fear
 t - 3 scrolls of poison
 x - a scroll of vulnerability
 z - a scroll of noise
 C - a scroll of amnesia
Potions
 a - 3 potions of magic
 c - 4 potions of curing
 e - a potion of heal wounds
 f - a potion of berserk rage {unknown}
 h - a potion of lignification {unknown}
 j - 2 potions of attraction
 m - 3 potions of mutation
 p - a potion of ambrosia {unknown}
 r - 2 potions of flight
 E - 3 potions of cancellation {unknown}
 G - a potion of resistance
 H - 2 potions of might {unknown}
 I - 2 potions of invisibility {unknown}
 J - a potion of brilliance {unknown}
 K - a potion of haste {unknown}


   Skills:
 + Level 2.5 Fighting
 + Level 4.2 Dodging
 + Level 5.6 Stealth
 - Level 4.0 Shields
 * Level 9.5 Spellcasting
 + Level 8.0 Conjurations
 + Level 7.3 Hexes
 + Level 7.0 Translocations
 * Level 2.6 Earth Magic
 - Level 5.2 Evocations


You had 13 spell levels left.
You knew the following spells:

 Your Spells              Type           Power      Damage    Failure   Level
a - Magic Dart            Conj           100%       1d8       1%          1
b - Searing Ray           Conj           100%       2d8       1%          2
c - Fulminant Prism       Conj/Hex       25%        3d14      1%          4
d - Iskenderun's Mystic   Conj/Tloc      49%        2d11      1%          4
e - Lee's Rapid Deconstr  Erth           12%        3d10*     16%         5

Your spell library contained the following spells:

 Spells                   Type           Power      Damage    Failure   Level
 Ignite Poison            Fire/Tmut/Pois 11%        N/A       5%          3
 Foxfire                  Conj/Fire      100%       2x1d9     1%          1
 Freeze                   Ice            44%        1d6       1%          1
 Slow                     Hex            100%       N/A       1%          1
 Static Discharge         Conj/Air       32%        3-7/arc   1%          2
 Confusing Touch          Hex            48%        N/A       1%          3
 Conjure Flame            Conj/Fire      32%        6-21      1%          3
 Dazzling Flash           Conj/Hex       100%       N/A       1%          3
 Inner Flame              Hex/Fire       30%        N/A       1%          3
 Flame Wave               Conj/Fire      32%        2d9       3%          4
 Hailstorm                Conj/Ice       32%        3d8       3%          4
 Passage of Golubria      Tloc           47%        N/A       3%          4
 Frozen Ramparts          Ice            22%        1d4       5%          3
 Beastly Appendage        Tmut           22%        N/A       7%          1
 Wereblood                Tmut           11%        N/A       10%         2
 Freezing Cloud           Conj/Ice/Air   12%        6-21      16%         5
 Spider Form              Tmut/Pois      11%        N/A       21%         3
 Swiftness                Air            11%        N/A       21%         3
 Vampiric Draining        Necr           11%        2d6       21%         3
 Silence                  Hex/Air        15%        N/A       38%         5
 Malign Gateway           Summ/Tloc      14%        N/A       100%        7
 Lehudib's Crystal Spear  Conj/Erth      19%        10d6      100%        8


Dungeon Overview and Level Annotations

Branches:
Dungeon (11/15)            Temple (1/1) D:5           Sewer (visited)
   Lair: D:8-11         Orc: D:9-12

Altars:
Ashenzari
Cheibriados
Dithmenos
Elyvilon
Fedhas
Gozag
Hepliaklqana
Kikubaaqudgha
Makhleb
Nemelex Xobeh
Okawaru
Qazlal
Ru
Sif Muna
Trog
Uskayaw
Vehumet
Wu Jian
Xom
Yredelemnul
Zin
The Shining One

Shops:
D:5 [   D:8 *


Innate Abilities, Weirdness & Mutations

You cannot wear most types of armour.
You are amphibious.
You can wear up to eight rings at the same time.
Your skin changes colour to match your surroundings (Stealth+).
Your rubbery body absorbs attacks. (AC +1, EV +1)
((You are camouflaged when in or above water. (Stealth+)))
You have tentacles for arms and can constrict up to eight enemies at once.


Message History

The vampire mosquito is moderately damaged.
The vampire mosquito is knocked back by the mystic blast.
You hear a shout!
You hear a roar!
You hear a horrible gurgling sound!
Your fulminant prism crackles loudly.
Casting: Iskenderun's Mystic Blast (dangerous; 1% risk of failure)
Confirm with . or Enter, or press ? or * to list all spells.
You erupt in a blast of force!
The mystic blast hits the vampire mosquito!
The vampire mosquito is severely damaged.
The vampire mosquito is knocked back by the mystic blast.
You hear a horrible gurgling sound!
Your fulminant prism explodes!
The blast of energy engulfs the basilisk!!
The basilisk is severely wounded.
You hear a horrible gurgling sound!
You hear a shout!
Unknown command.
The basilisk gazes at you.
You are slowing down.
The vampire mosquito bites you.
The vampire mosquito draws strength from your injuries!
You block the vampire mosquito's attack.
The centaur shoots an arrow.
The arrow hits you!
* * * LOW HITPOINT WARNING * * *
The vampire mosquito bites you!
* * * LOW HITPOINT WARNING * * *
The vampire mosquito draws strength from your injuries!
Your limbs are stiffening.
You climb upwards.
You have turned to stone.
The vampire mosquito bites you!
* * * LOW HITPOINT WARNING * * *
The vampire mosquito bites you!
* * * LOW HITPOINT WARNING * * *
The vampire mosquito bites you!
* * * LOW HITPOINT WARNING * * *
The vampire mosquito bites you!
* * * LOW HITPOINT WARNING * * *
The vampire mosquito bites you.
* * * LOW HITPOINT WARNING * * *
The vampire mosquito bites you!
You die...

#.########################.#
#...# #.....# ## ###.# #.##### .#
#.# #.# .### #.# ### #.#######
...###.# #.# #.......# .......#
#.# ### #######.#
...#######.########.# #.#
...............y@##.##### #.#
...#.###...##+#.........# #.#
........)........######.#######.#
#.#####.........................#
#.# #....#y....######.#########
..# #....##+#..# #).....# ###
#..#.##.#..# #.###### .#
##..#.#.....# #.# .#
###...#.#..##.# #.#


You could see 2 vampire mosquitoes.

Vanquished Creatures
  Harold (D:9)
  Erica (D:8)
  Erolcha (D:10)
  Urug (D:10)
  Lodul (D:10)
  A manticore (D:9)
  A cyclops (D:10)
  Maggie (D:6)
  An unseen horror (D:10)
  A gargoyle (D:10)
  2 trolls
  4 yaks (D:10)
  A wraith (D:10)
  A shadow (D:10)
  4 wyverns
  Menkaure (D:7)
  2 vampire mosquitoes (D:10)
  2 acid dragons (D:11)
  Duvessa (D:6)
  A water moccasin (D:7)
  4 orc warriors
  A black bear (D:7)
  7 ogres
  A centaur (D:9)
  A necrophage (D:5)
  4 bullfrogs
  3 scorpions
  11 wights
  Dowan (D:6)
  20 killer bees
  5 howler monkeys
  6 electric eels (D:9)
  2 jellies
  4 orc priests
  4 iguanas
  14 orc wizards
  9 adders
  2 shadow imps
  3 white imps
  An ufetubus (D:5)
  3 worms
  3 dart slugs
  33 orcs
  8 endoplasms
  3 giant cockroaches
  10 goblins
  9 hobgoblins
  2 jackals (D:4)
  11 kobolds
  3 quokkas
  2 ball pythons
  4 bats
  8 frilled lizards
  7 rats
  2 fulminant prisms (D:10)
240 creatures vanquished.

Vanquished Creatures (others)
  A kobold brigand (D:7)
  105 fulminant prisms
  7 plants (D:9)
113 creatures vanquished.

Grand Total: 353 creatures vanquished

Notes
Turn   | Place    | Note
-------+----------+-------------------------------------------
     0 | D:1      | KamiKatze the Octopode Conjurer began the quest for the
                  | Orb.
     0 | D:1      | Reached XP level 1. HP: 11/11 MP: 3/3
   178 | D:1      | Reached XP level 2. HP: 17/17 MP: 3/5
   344 | D:1      | Learned a level 2 spell: Searing Ray
   516 | D:1      | Found a faded altar of an unknown god.
   896 | D:1      | Reached XP level 3. HP: 21/21 MP: 3/6
  1572 | D:2      | Reached skill level 1 in Translocations
  1633 | D:2      | Reached skill level 1 in Hexes
  1633 | D:2      | Reached XP level 4. HP: 27/27 MP: 4/7
  2138 | D:3      | Found a large runed translucent door.
  2138 | D:3      | Found a large runed translucent door.
  2146 | D:3      | Found a shimmering altar of Xom.
  2281 | D:3      | Found an iron altar of Okawaru.
  2281 | D:3      | Found a white marble altar of Elyvilon.
  2281 | D:3      | Found a hide-covered altar of Uskayaw.
  2281 | D:3      | Found a bloodstained altar of Trog.
  2283 | D:3      | Found a stormy altar of Qazlal.
  2284 | D:3      | Found a shimmering blue altar of Sif Muna.
  2286 | D:3      | Found an ancient bone altar of Kikubaaqudgha.
  2621 | D:3      | Reached skill level 3 in Spellcasting
  2621 | D:3      | Reached XP level 5. HP: 31/31 MP: 4/9
  2928 | D:4      | Identified a scroll of acquirement
  2928 | D:4      | Acquired the +3 warlock's mirror {reflect}
  2928 | D:4      | Found the +3 warlock's mirror {reflect}
  3719 | D:5      | Entered Level 5 of the Dungeon
  3742 | D:5      | Reached skill level 1 in Shields
  3742 | D:5      | Reached XP level 6. HP: 15/36 MP: 0/11
  3919 | D:5      | Found Illiy's Antique Armour Shoppe.
  3936 | D:5      | Found the +6 lightning scales {swift, rElec}
  4212 | D:5      | Found a staircase to the Ecumenical Temple.
  4371 | D:5      | Found a sparkling altar of Nemelex Xobeh.
  4372 | D:5      | Found an opulent altar of Gozag.
  4484 | D:6      | Reached XP level 7. HP: 34/41 MP: 11/12
  4529 | D:6      | Reached skill level 4 in Spellcasting
  4625 | D:6      | Noticed Duvessa
  4704 | D:6      | Found a glowing drain.
  4730 | Sewer    | Entered a sewer
  5314 | D:6      | Noticed Dowan
  5335 | D:5      | Learned a level 4 spell: Fulminant Prism
  5340 | D:5      | Learned a level 4 spell: Iskenderun's Mystic Blast
  5637 | Temple   | Entered the Ecumenical Temple
  5637 | Temple   | Found a transporter.
  5637 | Temple   | Found a transporter.
  5641 | Temple   | Found a transporter.
  5641 | Temple   | Found a transporter.
  5702 | Temple   | Became a worshipper of Vehumet
  5767 | D:6      | Killed Duvessa
  5768 | D:6      | Reached skill level 5 in Conjurations
  5985 | D:6      | Killed Dowan
  6093 | D:6      | Reached XP level 8. HP: 46/46 MP: 15/15
  6131 | D:6      | Reached skill level 5 in Spellcasting
  6636 | D:6      | Noticed Maggie
  7118 | D:7      | Noticed Menkaure
  7122 | D:7      | Killed Menkaure
  7271 | D:7      | Reached skill level 6 in Spellcasting
  7312 | D:7      | Reached * piety under Vehumet
  7312 | D:7      | Offered knowledge of Shock by Vehumet.
  7313 | D:7      | Reached XP level 9. HP: 49/51 MP: 18/18
  7602 | D:8      | Got the Atlas of Congregated Gusts
  7673 | D:8      | Reached skill level 1 in Evocations
  8047 | D:8      | Noticed Erica
  8101 | D:8      | Killed Erica
  8102 | D:8      | Reached skill level 7 in Spellcasting
  8102 | D:8      | Reached skill level 5 in Hexes
  8102 | D:8      | Reached skill level 5 in Translocations
  8173 | D:8      | Found Faunwien's Neck Hole.
  8268 | D:8      | Reached XP level 10. HP: 51/56 MP: 21/21
  8341 | D:8      | Reached ** piety under Vehumet
  8641 | D:6      | Killed Maggie
  8641 | D:6      | Offered knowledge of Sandblast by Vehumet.
  9066 | D:9      | Reached skill level 8 in Spellcasting
  9223 | D:9      | Noticed Harold
  9245 | D:9      | Killed Harold
  9892 | D:9      | Noticed a manticore
  9914 | D:9      | Killed a manticore
  9915 | D:9      | Reached skill level 5 in Evocations
 10009 | D:9      | Reached XP level 11. HP: 41/61 MP: 23/23
 10038 | D:9      | Offered knowledge of Ignite Poison by Vehumet.
 10410 | D:10     | Entered Level 10 of the Dungeon
 10460 | D:10     | Noticed Lodul
 10472 | D:10     | Killed Lodul
 10473 | D:10     | Reached skill level 1 in Fighting
 10473 | D:10     | Reached skill level 9 in Spellcasting
 10552 | D:10     | Reached *** piety under Vehumet
 10618 | D:10     | Noticed Erolcha
 10790 | D:9      | Learned a level 5 spell: Lee's Rapid Deconstruction
 10840 | D:10     | Noticed Urug
 11093 | D:10     | Killed Erolcha
 11094 | D:10     | Reached skill level 5 in Stealth
 11094 | D:10     | Reached skill level 1 in Earth Magic
 11100 | D:10     | Killed Urug
 11160 | D:10     | Found a transporter.
 11164 | D:10     | Found a transporter.
 11166 | D:10     | Found a transporter.
 11178 | D:10     | Found a transporter.
 11557 | D:10     | Found a burning altar of Makhleb.
 11601 | D:10     | Found a sacrificial altar of Ru.
 11608 | D:10     | Noticed a cyclops
 11620 | D:10     | Killed a cyclops
 11773 | D:11     | Noticed an ogre mage
 11773 | D:11     | Noticed a two-headed ogre
 11872 | D:11     | Noticed a manticore
 11872 | D:11     | Noticed a cyclops
 11874 | D:11     | Noticed a centaur warrior
 11875 | D:11     | Noticed an eight-headed hydra
 11992 | D:10     | HP: 2/65 [vampire mosquito (6)]
 11993 | D:10     | Slain by a vampire mosquito

Illustrated notes

Levels and vault maps discovered:
D:1:      minmay_arrival_radiant_lines, layout_basic,
          shapermc_ecumenical_altar_mp_vishouse
D:2:      layout_loops_corners, st_stairs_4
D:3:      due_chaos_kobolds, layout_loops_ring, minitemple,
          minmay_misc_feat_five, minivault_24, serial_park_tiny_pond
D:4:      layout_loops_ring
D:5:      layout_cave_pools, grunt_temple_overflow_opulence, temple_doors_e,
          serial_shops, nicolae_shop_crystal
D:6:      layout_layer_cave, cheibrodos_sewer_entry_bend, minivault_19,
          uniq_duvessa, uniq_maggie
D:7:      layout_gridville, nicolae_lava_and_water, st_stairs_10, uniq_menkaure
D:8:      layout_basic, columned_hall_lemuel, kennysheep_big_empty_room,
          nicolae_shop_sticking_my_neck_out, uniq_erica
D:9:      cheibrodos_two_vegetables, layout_loops_ring,
          minmay_misc_feat_nine_boxes, uniq_harold
D:10:     layout_basic, kennysheep_mini_moat, nicolae_ru_sacrificial_ziggurat,
          nicolae_transporter_circle, uniq_erolcha, uniq_urug, uniq_lodul
D:11:     minmay_the_grid_square_5x5_4x4 [minmay_the_grid_square_5x5_detours,
          minmay_the_grid_square_5x5_n, minmay_the_grid_square_5x5_inner_v,
          minmay_the_grid_square_5x5_mess,
          minmay_the_grid_square_5x5_two_walls_b,
          minmay_the_grid_square_5x5_prize_waves,
          minmay_the_grid_square_5x5_prize_snowflake,
          minmay_the_grid_square_5x5_minivault,
          minmay_the_grid_square_5x5_shuriken,
          minmay_the_grid_square_5x5_prize_gold,
          minmay_the_grid_square_5x5_prize_pseudospiral,
          minmay_the_grid_square_5x5_intrusive_squares,
          minmay_the_grid_square_5x5_percent, minmay_the_grid_square_5x5_bridge,
          minmay_the_grid_square_5x5_hollow_slash,
          minmay_the_grid_square_5x5_tetrominoes], layout_basic,
          grunt_decor_clamped, kennysheep_generic_room_4
Temple:   hellmonk_temple_divided_pantheon

Skill      XL: |  1  2  3  4  5  6  7  8  9 10 11 |
---------------+----------------------------------+-----
Stealth        | 3 4 5 |  5.6
Translocations | 1 2 3 4 5 6 7 |  7.0
Hexes          | 1 2 3 4 5 6 7 |  7.3
Spellcasting   | 3 4 6 7 8 9 |  9.5
Dodging        | 3 4 |  4.2
Shields        | 1 2 3 4 |  4.0
Conjurations   | 5 6 7 8 |  8.0
Evocations     | 3 5 |  5.2
Fighting       | 2 |  2.5
Earth Magic    | 2 |  2.6

Action                   |  1- 3 |  4- 6 |  7- 9 | 10-12 || total
-------------------------+-------+-------+-------+-------++-------
Melee: Unarmed           |    19 |       |       |       ||    19
       Constrict         |     9 |    14 |     4 |     2 ||    29
       Spear             |    27 |    73 |     3 |       ||   103
       Tentacles         |     8 |    14 |     8 |     4 ||    34
       Dagger            |       |       |    14 |       ||    14
       Demon whip        |       |       |     6 |     5 ||    11
 Cast: Magic Dart        |    51 |    49 |    68 |    13 ||   181
       Searing Ray       |       |    13 |    34 |    10 ||    57
       Iskenderun's Myst |       |       |    12 |    54 ||    66
       Fulminant Prism   |       |       |    21 |    86 ||   107
       Lee's Rapid Decon |       |       |       |     1 ||     1
  Use: Scroll            |     3 |    10 |     2 |     6 ||    21
       Potion            |       |       |       |     1 ||     1
 Stab: Sleeping          |     5 |     4 |     1 |       ||    10
       Distracted        |       |     1 |       |       ||     1
Armor: Skin              |     7 |     4 |     1 |     1 ||    13
Dodge: Dodged            |    24 |    43 |    41 |    28 ||   136
Block: Buckler           |       |    14 |    22 |    16 ||    52
       Reflection        |       |       |     2 |     7 ||     9
